 Dungeon Crawl Stone Soup version 0.29-a0-359-g541a27f54d (webtiles) character file.

Game seed: 14415882868668817252

312 Zeldest the Insei (level 6, -2/49 HPs)
             Began as a Demonspawn Monk on Apr 28, 2022.
             Slain by a hornet (4 damage)
             ... while paralysed by a hornet
             ... on level 5 of the Dungeon.
             The game lasted 00:02:37 (2856 turns).

Zeldest the Insei (Demonspawn Monk)                 Turns: 2856, Time: 00:02:38

Health: -2/49      AC: 18    Str: 16    XL:     6   Next: 18%
Magic:  6/6        EV:  2    Int: 15    God:
Gold:   235        SH:  0    Dex: 26    Spells: 5/5 levels left

rFire   . . .      SeeInvis .     - Unarmed
rCold   . . .      Faith    .   (no shield)
rNeg    . . .      Spirit   .   s - +6 scale mail of the Orcish Mines {Str+3 Int+3 Dex+5}
rPois   .          Reflect  .   (no helmet)
rElec   .          Harm     .   (no cloak)
rCorr   .          Rampage  .   (no gloves)
Will    .....                   (no boots)
Stlth   +.........              (no amulet)
HPRegen 0.16/turn               i - +6 ring of dexterity
MPRegen 0.10/turn               (no ring)

@: paralysed, lethally poisoned (-2 -> -11), sanguine armoured, hasted
A: foul stench 1, spiny 1, sanguine armour 1
a: no special abilities


You were on level 5 of the Dungeon.
You visited 1 branch of the dungeon, and saw 5 of its levels.

You collected 235 gold pieces.

Inventory:

Armour
 a - a +0 robe
 k - a +0 ring mail
 s - the +6 scale mail of the Orcish Mines (worn) {Str+3 Int+3 Dex+5}
   (You found it on level 4 of the Dungeon)

   Str:       It affects your strength (+3).
   Int:       It affects your intelligence (+3).
   Dex:       It affects your dexterity (+5).
Jewellery
 i - a +6 ring of dexterity (left hand)
Scrolls
 c - a scroll of amnesia {unknown}
 d - a scroll of identify
 e - 2 scrolls of teleportation {unknown}
 g - a scroll of enchant weapon {unknown}
 j - 2 scrolls of noise {unknown}
 l - a scroll of immolation {unknown}
 n - a scroll of torment {unknown}
 q - a scroll of fog {unknown}
Potions
 b - a potion of ambrosia
 f - a potion of berserk rage
 h - a potion of haste
 m - a potion of flight
 o - a potion of cancellation
 r - a potion of might


   Skills:
 + Level 4.3 Fighting
 + Level 2.5 Armour
 - Level 2.6 Dodging
 - Level 1.7 Stealth
 * Level 4.8 Unarmed Combat


You had 5 spell levels left.
You didn't know any spells.
Your spell library contained the following spells:

 Spells                   Type           Power      Damage    Failure   Level
 Magic Dart               Conj           0%         1d3       67%         1
 Shock                    Conj/Air       0%         1d3       67%         1
 Searing Ray              Conj           0%         2d4       82%         2
 Swiftness                Air            0%         N/A       96%         3
 Airstrike                Air            0%         N/A       100%        4
 Fulminant Prism          Conj/Hex       0%         3d6       100%        4


Dungeon Overview and Level Annotations

Branches:
Dungeon (5/15)
 Temple: D:4-7

Altars:


Innate Abilities, Weirdness & Mutations

You may rarely emit foul miasma when damaged in melee.
You are partially covered in sharp spines.
When seriously injured, your blood forms armour. (AC +6)


Message History

You barely miss the orc priest.
The orc priest is lightly wounded.
The orc priest is struck by your spines.
The orc priest hits you with a +3 dagger.
The orc priest looks braver for a moment.
You hit the orc priest.
The orc priest is severely wounded.
The orc priest is struck by your spines.
The orc priest hits you but does no damage.
You hit the orc priest.
You kill the orc priest!
You punch the orc!
You kill the orc!
You hit the hornet but do no damage. The hornet closely misses you.
You closely miss the hornet. The hornet stings you!
Your blood congeals into armour.
You are poisoned.
You suddenly lose the ability to move!
The hornet stings you but does no damage.
The orc priest looks braver for a moment.
You feel very sick. The hornet stings you.
You shrug off the repeated paralysis!
You feel sick.
The hornet stings you but does no damage.
The hornet is struck by your spines. The hornet stings you!
* * * LOW HITPOINT WARNING * * *
You shrug off the repeated paralysis!
You can move again.
Unknown command.
You feel better. The hornet is struck by your spines. The hornet stings you!
* * * LOW HITPOINT WARNING * * *
You feel yourself slow down.
You aren't carrying any items that you can evoke.
You feel yourself speed up.
You feel yourself speed up. The hornet stings you!
* * * LOW HITPOINT WARNING * * *
You are lethally poisoned!
You suddenly lose the ability to move!
The hornet stings you.
You die...

#.. #.. . #.##### ..
..#########.....# ...
.........##.###
......######.##...#
..... #....#.#
.....o######..#.#.####
.....oy@......#.#...<#
......#######.#.###..#
..... #........# ....
##..####.# ### ..# #.#
#..# #.# ..# #.# .#
#.#


You could see a hornet and 2 orc priests.

Vanquished Creatures
  An orc priest (D:5)
  A hound (D:4)
  3 orc wizards
  7 adders
  An ufetubus (D:4)
  2 dart slugs
  10 orcs
  9 ball pythons
  3 endoplasms
  7 giant cockroaches
  5 goblins
  9 hobgoblins
  6 jackals
  6 kobolds
  3 quokkas
  5 bats
  10 frilled lizards
  7 rats
95 creatures vanquished.

Notes
Turn   | Place    | Note
-------+----------+-------------------------------------------
     0 | D:1      | Zeldest the Demonspawn Monk began the quest for the Orb.
     0 | D:1      | Reached XP level 1. HP: 18/18 MP: 1/1
   425 | D:2      | Gained mutation: You are partially covered in sharp spines.
                  | [demonic ancestry]
   425 | D:2      | Reached XP level 2. HP: 20/24 MP: 2/2
   513 | D:2      | Reached skill level 1 in Armour
   531 | D:2      | Gained mutation: When seriously injured, your blood forms
                  | armour. (AC +6) [demonic ancestry]
   531 | D:2      | Reached XP level 3. HP: 25/29 MP: 3/3
  1360 | D:1      | Found a faded altar of an unknown god.
  1529 | D:1      | Reached XP level 4. HP: 36/36 MP: 4/4
  2211 | D:3      | Gained mutation: You may rarely emit foul miasma when
                  | damaged in melee. [demonic ancestry]
  2211 | D:3      | Reached XP level 5. HP: 18/42 MP: 5/5
  2584 | D:4      | Identified the +6 scale mail of the Orcish Mines {Str+3
                  | Int+3 Dex+5}
  2635 | D:4      | Reached XP level 6. HP: 48/48 MP: 6/6
  2817 | D:5      | Entered Level 5 of the Dungeon
  2841 | D:5      | Noticed a hornet
  2852 | D:5      | Paralysed by a hornet for 2 turns
  2856 | D:5      | HP: 2/49 [hornet (9)]
  2856 | D:5      | Paralysed by a hornet for 3 turns
  2856 | D:5      | Slain by a hornet

Illustrated notes

Levels and vault maps discovered:
D:1:      dpeg_arrival_pits, layout_loops_ring,
          shapermc_ecumenical_altar_notcrosses
D:2:      layout_loops_corners, nicolae_figureground_pulse
D:3:      layout_basic, minmay_misc_feat_more_columns
D:4:      layout_cave_pools, serial_column_ruins, column_ruins_hut,
          column_ruins_open_tiny, column_ruins_open_tiny,
          column_ruins_open_medium, column_ruins_corridor_dead_end,
          kennysheep_generic_room_4
D:5:      layout_basic, cheibrodos_sewer_entry_drain

Skill      XL: |  1  2  3  4  5 |
---------------+----------------+-----
Unarmed Combat | 3 4 |  4.8
Armour         | 1 2 |  2.5
Fighting       | 4 |  4.3
Dodging        | |  2.6
Stealth        | |  1.7

Action                   |  1- 3 |  4- 6 || total
-------------------------+-------+-------++-------
Melee: Unarmed           |    75 |   125 ||   200
       Punch             |     2 |     2 ||     4
  Use: Scroll            |       |     5 ||     5
       Potion            |       |     2 ||     2
 Stab: Sleeping          |     6 |     1 ||     7
Armor: Robe              |    11 |       ||    11
       Ring mail         |     6 |    39 ||    45
       Scale mail        |       |     9 ||     9
Dodge: Dodged            |    39 |    58 ||    97

Table legend: (Time is in decaauts)
 A = Elapsed time spent in this place.
 B = Non-inter-level travel time spent in this place.
 C = Inter-level travel time spent in this place.
 D = Time resting spent in this place.
 E = Time spent auto-exploring this place.
 F = Levels seen in this place.
 G = Mean time per level.
                   A        B        C        D        E       F      G
               +--------+--------+--------+--------+--------+-----+--------+
         Total |   2841 |   2707 |    134 |    339 |   1814 |   5 |  568.2 |
       Dungeon |   2841 |   2707 |    134 |    339 |   1814 |   5 |  568.2 |
               +--------+--------+--------+--------+--------+-----+--------+

Top non-repeatable levels by time:
     D:2: 1082 daAuts
     D:1: 777 daAuts
     D:4: 485 daAuts
     D:3: 458 daAuts
     D:5: 38 daAuts
